NCommander, chaotic male elven Wizard ------ ----- |....| |...| |.``.----...| |...........| |..--->---..| |---------.--- |j`.^^<|.`*`.| |.@----|.`*`[| --.| |.`)%.| |d-----.[..=| |%+.........| |..---------- ---- NCommander the Conjurer Experience level: 5 Strength: 14 Dexterity: 11 Constitution: 16 Intelligence: 17 Wisdom: 11 Charisma: 7 Health: 0(37) Energy: 14(53) Def: 2 Gold: 952 Moves: 2525 Dungeon seed: Ro_T8PFkTBkgs6CV Game ID: NCommander_1475392534 Your Inventory: Coins $ - 952 gold pieces Weapons a - a blessed +1 quarterstaff v - the cursed rustproof -3 Magicbane T - 2 +0 daggers (wielded) Armor e - an uncursed +0 cloak of magic resistance (being worn) q - an uncursed +0 elven leather helm (being worn) Comestibles N - 2 uncursed food rations Scrolls i - 2 uncursed scrolls of teleportation j - an uncursed scroll of light k - an uncursed scroll of identify p - 2 uncursed scrolls of remove curse t - an uncursed scroll of enchant weapon y - 2 uncursed scrolls of earth A - an uncursed scroll of fire B - a cursed scroll of create monster C - a cursed scroll of enchant armor D - a cursed scroll of food detection E - an uncursed scroll of destroy armor F - a cursed scroll of genocide G - 3 cursed scrolls of teleportation U - 4 cursed scrolls of identify Spellbooks l - a blessed spellbook of force bolt Potions f - an uncursed potion of object detection g - an uncursed potion of blindness h - a blessed potion of sickness o - a blessed potion of oil r - an uncursed potion of invisibility s - an uncursed potion of sickness u - an uncursed potion of hallucination O - 2 cursed potions of levitation P - a cursed potion of gain ability V - a potion of unholy water Rings c - an uncursed ring of sustain ability d - an uncursed ring of shock resistance (on left hand) Q - a cursed ring of slow digestion R - a cursed ring of polymorph control S - a cursed +1 ring of adornment W - a cursed +2 ring of increase damage X - a cursed ring of see invisible Wands b - a wand of speed monster (0:8) m - a wand of light (0:12) H - a cursed wand of create monster (0:0) I - a cursed wand of enlightenment (0:13) J - a cursed wand of locking (0:6) Y - a cursed wand of polymorph (0:3) Z - a wand of sleep (0:3) Tools n - an uncursed bell K - 9 cursed wax candles (0:400) L - a cursed skeleton key Spells and supernatural/magical abilities: Name Level Category Fail Memory a - force bolt 1 attack 0% 88% n - detect monsters 1 divination 0% 88% W - pray for help -- divine ? -- Your skills at the end: Fighting Skills Weapon Skills dagger [Basic] quarterstaff [Basic] Spellcasting Skills attack spells [Basic] enchantment spells [Basic] Final Attributes: You were piously aligned. You were sleep resistant. You were shock resistant. You were magic-protected. You were telepathic. You had infravision. You were unlucky. You are dead. Vanquished creatures: an imp an orc shaman a red naga hatchling a guardian naga hatchling an elf zombie a straw golem a baby crocodile a giant ant 2 little dogs 2 floating eyes 2 dwarves 2 rothes an orc zombie an acid blob a coyote a gas spore 2 hobbits a yellow mold 2 green molds 2 red molds a gnome zombie 3 geckos 8 jackals 3 goblins 4 sewer rats 2 grid bugs a bat a lichen 2 newts 52 creatures vanquished. Voluntary challenges: You used a wielded weapon 41 times, starting on turn 71. You read items or engraved 78 times, starting on turn 820. You never genocided any monsters. You never polymorphed an object. You never changed form. You used no wishes. You never split a pudding. You wrote Elbereth's name 67 times, starting on turn 820. You never violated your personal moral code. Dungeon overview: The Dungeons of Doom: levels 1 to 6 Level 1 some fountains a long staircase Level 2 Level 3 a fountain a long staircase Level 4 a fountain Level 5 many fountains Level 6 stairs to Sokoban Sokoban: Level 5 <- You were here stairs to The Dungeons of Doom History has recorded: On T:1 you entered the Dungeons of Doom to retrieve the Amulet of Yendor! On T:414 you reached level 2 of The Dungeons of Doom. On T:466 you reached level 3 of The Dungeons of Doom. On T:774 you reached level 4 of The Dungeons of Doom. On T:821 you advanced to experience level 2. On T:916 you reached level 5 of The Dungeons of Doom. On T:971 you advanced to experience level 3. On T:1120 you advanced to experience level 4. On T:1363 you reached level 6 of The Dungeons of Doom. On T:1466 you reached level 4 of Sokoban. On T:2120 you advanced to experience level 5. Score breakdown: Gold: 952 (10133 points) Experience: 5 levels (11141 points) Exploration: 6 levels ( 12.77%) ( 9890 points) Discoveries: 2 items ( 0.72%) ( 2549 points) Valuables value: (no points given unless you survive) Artifact value: 3500 (12056 points) Variety of kills: 29 monsters ( 7.61%) ( 8276 points) Turncount: 2525 turns ( -345 points) Survival: died (score multiplied by 80%) Total score: 42960 Latest messages: You see here 52 rocks. You see here 61 rocks. There are a few objects here. Something is written here in the dust. You read: "| ? ? ? t". You stop. Your little dog is in the way! With great effort you move the boulder. Something is written here in the dust. You read: "|b?? ?? ??c rF?| 0???||c ? r||b? ?". There are a few objects here. You try to move the boulder, but in vain. Oof! You walk into something hard. With great effort you move the boulder. There are a few objects here. (2x) You hit the blue jelly. You are suddenly very cold! The spell hits the blue jelly! The blue jelly resists! You hit the blue jelly. You miss the blue jelly. You hit the blue jelly. You miss the blue jelly. You are suddenly very cold! You die... Final status: Goodbye NCommander the Wizard, killed by a blue jelly... You died in Sokoban on dungeon level 5 with 42960 points, and 952 pieces of gold, after 2525 moves. You were level 5 with a maximum of 37 hit points when you died.